Map: 트라이튼 - 래더

Players

Trap - Winner!

  • Race: Protoss Protoss
  • Spawn Location: 11:00

Hellraiser

  • Race: Protoss Protoss
  • Spawn Location: 5:00

Event: IEM Katowice 2020

VOD

Have the link to the VOD?

Description

Time

  • Played on: Feb. 25, 2020, 10:03 a.m.
  • Length: 5:05

All games in this series

Show
View Real Time Build Order
Export as new Build Order

Trap Protoss - Winner!

Build Orders:  

Get SALT Encoding   

  12  0:00  Probe  
  13  0:12  Probe  
  14  0:17  Pylon  
  14  0:24  Probe (Chrono Boost)  
  15  0:36  Probe (Chrono Boost), Gateway  
  16  0:44  Probe (Chrono Boost)  
  16  0:45  Assimilator  
  17  0:51  Probe  
  17  0:55  Assimilator  
  18  1:03  Probe (Chrono Boost)  
  19  1:07  Gateway  
  19  1:13  Probe (Chrono Boost)  
  19  1:18  Probe (Chrono Boost)  
  20  1:23  Cybernetics Core  
  21  1:29  Probe  
  22  1:34  Pylon  
  22  1:41  Probe  
  24  1:59  Stalker x2  
  24  2:00  Warp Gate  
  28  2:11  Robotics Facility  
  28  2:21  Pylon  
  27  2:25  Shield Battery  
  27  2:30  Stalker  
  27  2:33  Stalker  
  31  2:55  Immortal (Chrono Boost)  
  35  3:03  Shield Battery  
  35  3:06  Sentry  
  37  3:17  Pylon  
  37  3:24  Warp Prism (Chrono Boost)  
  38  3:37  Gateway  
  38  3:50  Sentry x2  
  42  4:00  Immortal (Chrono Boost)  
  46  4:09  Pylon  
  46  4:29  Adept  
  46  4:30  Sentry  
  50  4:33  Adept  
  48  4:52  Sentry  
  50  4:53  Zealot  
  50  4:54  Adept  
Show
View Real Time Build Order
Export as new Build Order

Hellraiser Protoss 

Build Orders:  

Get SALT Encoding   

  12  0:00  Probe  
  13  0:12  Probe  
  14  0:17  Pylon  
  14  0:25  Probe (Chrono Boost)  
  15  0:37  Probe (Chrono Boost), Gateway  
  16  0:44  Probe (Chrono Boost)  
  16  0:45  Assimilator  
  17  0:51  Probe  
  17  0:54  Assimilator  
  18  1:03  Probe (Chrono Boost)  
  19  1:09  Gateway  
  19  1:13  Probe (Chrono Boost)  
  20  1:18  Probe (Chrono Boost)  
  20  1:24  Cybernetics Core  
  21  1:29  Probe  
  22  1:33  Pylon  
  22  1:41  Probe  
  23  1:53  Probe  
  24  2:01  Warp Gate, Stalker x2  
  28  2:06  Probe  
  29  2:12  Pylon  
  29  2:19  Probe  
  30  2:31  Sentry  
  30  2:32  Stalker  
  33  2:49  Nexus  
  33  2:55  Shield Battery  
  33  2:59  Sentry  
  33  3:02  Sentry  
  37  3:08  Shield Battery  
  37  3:11  Probe  
  38  3:18  Pylon  
  38  3:23  Probe  
  39  3:32  Robotics Facility  
  40  3:48  Shield Battery  
  39  3:49  Sentry, Stalker  
  39  3:52  Shield Battery  
  43  4:09  Stalker x2  
  47  4:22  Immortal (Chrono Boost)  
  48  4:34  Stalker  

Tags
 
Add a new tag
Caveats
  • Supply blocks, unpowered buildings, or Contaminate may cause inaccurate times.
  • Supply counts are checked every 10 seconds.